IL
NORFOLK TIDES @ FRESNO GRIZZLIES
05/18/2047
 
TOP OF THE 1ST
Norfolk Tides batting - Pitching for Fresno Grizzlies : RHP Ricardo Acosta
Pitching: RHP Ricardo Acosta
Batting: LHB Pat Shaddock 0-0: Called Strike
0-1: Ground out 4-3 (Groundball, 4, EV 105.6 MPH)
Batting: LHB Andrew Erens 0-0: Ground out 6-3 (Groundball, 6D, EV 106.9 MPH)
Batting: SHB Gareth Busby 0-0: Ball
1-0: Called Strike
1-1: Foul Ball, location: 2F
1-2: Ball
2-2: Strikes out swinging
Top of the 1st over - 0 runs, 0 hits, 0 errors, 0 left on base; Norfolk 0 - Fresno 0
BOTTOM OF THE 1ST
Fresno Grizzlies batting - Pitching for Norfolk Tides : LHP Joel Beery
Pitching: LHP Joel Beery
Batting: RHB Ben Hoffman 0-0: Fly out, F7 (Flyball, 7, EV 85.0 MPH)
Batting: RHB Sam Spohn 0-0: Called Strike
0-1: Ball
1-1: Foul Ball, location: 2F
1-2: Ground out 6-3 (Groundball, 6, EV 83.8 MPH)
Batting: RHB Elijah Hunter 0-0: Fly out, F9 (Flyball, 9, EV 89.4 MPH)
Bottom of the 1st over - 0 runs, 0 hits, 0 errors, 0 left on base; Norfolk 0 - Fresno 0
TOP OF THE 2ND
Norfolk Tides batting - Pitching for Fresno Grizzlies : RHP Ricardo Acosta
Batting: LHB Brian Feher 0-0: Foul Ball, location: 2F
0-1: Ball
1-1: Ball
2-1: Ball
3-1: Swinging Strike
3-2: DOUBLE (Line Drive, 7LS, EV 91.9 MPH)
Batting: RHB Mario Saez 0-0: Swinging Strike
0-1: Foul Ball, location: 2F
0-2: Strikes out swinging
Batting: RHB Andy Chess 0-0: Ball
1-0: Ball
Wild Pitch!
Brian Feher to third
2-0: Called Strike
2-1: Fly out, F8 (Flyball, 8LD, EV 90.6 MPH)
Batting: LHB Tyler Allen 0-0: Ball
1-0: Ball
2-0: Called Strike
2-1: Foul Ball, location: 2F
2-2: Ground out 5-3 (Groundball, 15, EV 80.0 MPH)
Top of the 2nd over - 0 runs, 1 hit, 0 errors, 1 left on base; Norfolk 0 - Fresno 0
BOTTOM OF THE 2ND
Fresno Grizzlies batting - Pitching for Norfolk Tides : LHP Joel Beery
Batting: RHB Bill Cabrera 0-0: Foul Ball, location: 2F
0-1: Foul Ball, location: 2F
0-2: Foul Ball, location: 2F
0-2: Ground out 6-3 (Groundball, 6, EV 100.6 MPH)
Batting: SHB Paskar Adegoke 0-0: Called Strike
0-1: Ball
1-1: Called Strike
1-2: Ball
2-2: Ball
3-2: Ground out 5-3 (Groundball, 56, EV 85.0 MPH)
Batting: RHB Nick Deegan 0-0: Swinging Strike
0-1: Called Strike
0-2: Strikes out swinging
Bottom of the 2nd over - 0 runs, 0 hits, 0 errors, 0 left on base; Norfolk 0 - Fresno 0
TOP OF THE 3RD
Norfolk Tides batting - Pitching for Fresno Grizzlies : RHP Ricardo Acosta
Batting: LHB Jose Fierro 0-0: Ball
1-0: Ball
2-0: Called Strike
2-1: Called Strike
2-2: Foul Ball, location: 2F
2-2: SINGLE (Groundball, 4MD, EV 103.8 MPH)
Batting: RHB Adam Swimmer 0-0: Called Strike
0-1: Foul Ball, location: 2F
0-2: Foul Ball, location: 2F
0-2: Strikes out swinging
Batting: LHB Pat Shaddock 0-0: Called Strike
Jose Fierro steals 2nd, throwing error, E2
Jose Fierro to third
0-1: Foul Ball, location: 2F
0-2: Foul Ball, location: 2F
0-2: Strikes out swinging
Batting: LHB Andrew Erens 0-0: SINGLE (Groundball, 56D, EV 108.1 MPH)
Jose Fierro scores
Batting: SHB Gareth Busby 0-0: Called Strike
0-1: Called Strike
0-2: Foul Ball, location: 2F
0-2: Foul Ball, location: 2F
0-2: Ball
1-2: Ball
2-2: Fly out, F8 (Flyball, 8RD, EV 76.9 MPH)
Top of the 3rd over - 1 run, 2 hits, 1 error, 1 left on base; Norfolk 1 - Fresno 0
BOTTOM OF THE 3RD
Fresno Grizzlies batting - Pitching for Norfolk Tides : LHP Joel Beery
Batting: LHB Chris Cabrera 0-0: Foul Ball, location: 2F
0-1: Called Strike
0-2: Ball
1-2: Ground out 2-3 (Groundball, 2L, EV 76.2 MPH)
Batting: RHB Matt Parker 0-0: Foul Ball, location: 2F
0-1: Ball
1-1: Ball
2-1: Fly out, F9 (Flyball, 89S, EV 90.0 MPH)
Batting: SHB Danny Jensen 0-0: Ball
1-0: Ball
2-0: Ball
3-0: Called Strike
3-1: Foul Ball, location: 2F
3-2: Ground out 5-3 (Groundball, 56, EV 85.6 MPH)
Bottom of the 3rd over - 0 runs, 0 hits, 0 errors, 0 left on base; Norfolk 1 - Fresno 0
TOP OF THE 4TH
Norfolk Tides batting - Pitching for Fresno Grizzlies : RHP Ricardo Acosta
Batting: LHB Brian Feher 0-0: SOLO HOME RUN (Flyball, 89XD, EV 105.6 MPH), Distance : 415 ft
Batting: RHB Mario Saez 0-0: Ball
1-0: Foul Ball, location: 2F
1-1: Swinging Strike
1-2: Foul Ball, location: 2F
1-2: Foul Ball, location: 2F
1-2: Ball
2-2: Ball
3-2: SINGLE (Groundball, 6MS, EV 61.9 MPH) (infield hit)
Batting: RHB Andy Chess 0-0: Called Strike
Mario Saez is caught stealing 2nd base 2-4
0-1: Ground out 5-3 (Groundball, 56S, EV 88.1 MPH)
Batting: LHB Tyler Allen 0-0: Called Strike
0-1: Ball
1-1: Ball
2-1: Ball
3-1: Base on Balls
Batting: LHB Jose Fierro 0-0: Ball
Tyler Allen steals 2nd base
1-0: Fly out, F8 (Flyball, 8RM, EV 96.2 MPH)
Top of the 4th over - 1 run, 2 hits, 0 errors, 1 left on base; Norfolk 2 - Fresno 0
BOTTOM OF THE 4TH
Fresno Grizzlies batting - Pitching for Norfolk Tides : LHP Joel Beery
Batting: RHB Ben Hoffman 0-0: Swinging Strike
0-1: Ball
1-1: Ball
2-1: SINGLE (Groundball, P, EV 85.0 MPH) (infield hit)
Batting: RHB Sam Spohn 0-0: Swinging Strike
0-1: Called Strike
0-2: Ball
Ben Hoffman steals 2nd, throwing error, E2
Ben Hoffman to third
1-2: Ball
2-2: Ball
3-2: Fly out, F7 (Flyball, 78S, EV 83.8 MPH)
Runner from 3rd tags up, SCORES, throw by LF
Now in LF: James Betron
Batting: RHB Elijah Hunter 0-0: Reached on error, E6 (Groundball, 6, EV 82.5 MPH)
Batting: RHB Bill Cabrera 0-0: Ball
1-0: Ball
2-0: Foul Ball, location: 2F
2-1: Fly out, F8 (Line Drive, 89M, EV 86.2 MPH)
Batting: SHB Paskar Adegoke 0-0: Ball
1-0: Swinging Strike
1-1: Fly out, F8 (Line Drive, 89M, EV 95.6 MPH)
Bottom of the 4th over - 1 run, 1 hit, 2 errors, 1 left on base; Norfolk 2 - Fresno 1
TOP OF THE 5TH
Norfolk Tides batting - Pitching for Fresno Grizzlies : RHP Ricardo Acosta
Batting: RHB Adam Swimmer 0-0: Swinging Strike
0-1: Foul Ball, location: 2F
0-2: Strikes out swinging
Batting: LHB Pat Shaddock 0-0: Ball
1-0: Ball
2-0: Called Strike
2-1: Ball
3-1: Foul Ball, location: 2F
3-2: Ground out 4-3 (Groundball, 4M, EV 84.4 MPH)
Pitching: RHP Alexander Hagan
Batting: LHB Andrew Erens 0-0: Called Strike
0-1: Fly out, F2 (Popup, 2LF, EV 88.8 MPH)
Top of the 5th over - 0 runs, 0 hits, 0 errors, 0 left on base; Norfolk 2 - Fresno 1
BOTTOM OF THE 5TH
Fresno Grizzlies batting - Pitching for Norfolk Tides : LHP Joel Beery
Batting: RHB Nick Deegan 0-0: Ball
1-0: Foul Ball, location: 2F
1-1: Ball
2-1: SINGLE (Groundball, 6D, EV 93.8 MPH)
Batting: LHB Chris Cabrera 0-0: Foul Ball, location: 2F
0-1: Ball
1-1: Ground out 5-3 (Groundball, 56, EV 86.2 MPH)
Nick Deegan to second
Batting: RHB Matt Parker 0-0: Foul Ball, location: 2F
0-1: Foul Ball, location: 2F
0-2: Ground out 6-3 (Groundball, 56, EV 110.6 MPH)
Batting: SHB Danny Jensen 0-0: Ground out 4-3 (Groundball, 4M, EV 100.6 MPH)
Bottom of the 5th over - 0 runs, 1 hit, 0 errors, 1 left on base; Norfolk 2 - Fresno 1
TOP OF THE 6TH
Norfolk Tides batting - Pitching for Fresno Grizzlies : RHP Alexander Hagan
Batting: SHB Gareth Busby 0-0: Ball
1-0: Ball
2-0: Called Strike
2-1: Ball
3-1: Base on Balls
Batting: LHB James Betron 0-0: Fly out, F7 (Flyball, 7D, EV 86.9 MPH)
Batting: RHB Mario Saez 0-0: Called Strike
0-1: Called Strike
0-2: Strikes out swinging
Gareth Busby is caught stealing 2nd base 2-4
Batter strikes out.
Top of the 6th over - 0 runs, 0 hits, 0 errors, 0 left on base; Norfolk 2 - Fresno 1
BOTTOM OF THE 6TH
Fresno Grizzlies batting - Pitching for Norfolk Tides : LHP Joel Beery
Batting: RHB Ben Hoffman 0-0: Ball
1-0: SINGLE (Groundball, 34D, EV 96.2 MPH)
Batting: RHB Sam Spohn 0-0: Called Strike
Ben Hoffman is caught stealing 2nd base 2-4
0-1: SINGLE (Groundball, 6, EV 98.8 MPH)
Batting: RHB Elijah Hunter 0-0: Ball
1-0: SINGLE (Flyball, 9LS, EV 91.9 MPH)
Sam Spohn to second
Runner from 2nd tries for 3rd, SAFE, throw by RF made to third
Batting: RHB Bill Cabrera 0-0: Ball
1-0: Called Strike
1-1: Fly out, F9 (Flyball, 9LS, EV 75.6 MPH)
Runner from 3rd tags up, OUT at HOME! 9-2
Bottom of the 6th over - 0 runs, 3 hits, 0 errors, 1 left on base; Norfolk 2 - Fresno 1
TOP OF THE 7TH
Norfolk Tides batting - Pitching for Fresno Grizzlies : RHP Alexander Hagan
Pitching: RHP Alex Salinas
Batting: RHB Andy Chess 0-0: Foul Ball, location: 2F
0-1: Ball
1-1: Ball
2-1: Swinging Strike
2-2: Ball
3-2: Strikes out swinging
Batting: LHB Tyler Allen 0-0: Ball
1-0: Ball
2-0: Ground out 3-1 (Groundball, 13, EV 89.4 MPH)
Batting: LHB Jose Fierro 0-0: Called Strike
0-1: Called Strike
0-2: Ball
1-2: Strikes out swinging
Top of the 7th over - 0 runs, 0 hits, 0 errors, 0 left on base; Norfolk 2 - Fresno 1
BOTTOM OF THE 7TH
Fresno Grizzlies batting - Pitching for Norfolk Tides : LHP Joel Beery
Batting: SHB Paskar Adegoke 0-0: Hit by Pitch
Batting: RHB Nick Deegan 0-0: Ball
1-0: Bunt missed!
1-1: Ball
2-1: Bunted foul
2-2: SINGLE (Groundball, 6M, EV 82.5 MPH) (infield hit)
Paskar Adegoke to second
Pinch Runner at 2nd Masaru Konno:
Batting: LHB Chris Cabrera 0-0: Called Strike
0-1: Fielders Choice at 2nd, 6-4 (Groundball, 6, EV 88.1 MPH)
Masaru Konno to third
Batting: RHB Matt Parker 0-0: SINGLE (Groundball, 6D, EV 96.2 MPH)
Masaru Konno scores
Chris Cabrera to second
Batting: SHB Danny Jensen 0-0: Ball
1-0: Called Strike
1-1: Swinging Strike
1-2: Strikes out swinging
Batting: RHB Ben Hoffman 0-0: Foul Ball, location: 2F
0-1: Fielders Choice at 2nd, 6-4 (Groundball, 6, EV 88.1 MPH)
Bottom of the 7th over - 1 run, 2 hits, 0 errors, 2 left on base; Norfolk 2 - Fresno 2
TOP OF THE 8TH
Norfolk Tides batting - Pitching for Fresno Grizzlies : RHP Alex Salinas
Now at 3B: Masaru Konno
Pinch Hitting: LHB Wes Goscinski 0-0: Foul Ball, location: 2F
0-1: Called Strike
0-2: Ball
1-2: Ball
2-2: Ball
3-2: Strikes out swinging
Batting: LHB Pat Shaddock 0-0: SINGLE (Flyball, 34D, EV 94.4 MPH)
Batting: LHB Andrew Erens 0-0: Ball
Pat Shaddock steals 2nd base
1-0: Called Strike
1-1: Foul Ball, location: 2F
1-2: Strikes out swinging
Batting: SHB Gareth Busby 0-0: Ball
1-0: Ball
2-0: Ball
3-0: Base on Balls
Batting: LHB James Betron 0-0: Ball
1-0: Ball
2-0: Ball
3-0: Called Strike
3-1: SINGLE (Groundball, 34, EV 106.9 MPH)
Pat Shaddock to third
Gareth Busby to second
Runner from 3rd tries for Home, SAFE, throw by RF to home
Batting: RHB Mario Saez 0-0: Called Strike
0-1: Ball
1-1: Ball
2-1: Called Strike
2-2: Ball
3-2: Strikes out looking
Top of the 8th over - 1 run, 2 hits, 0 errors, 2 left on base; Norfolk 3 - Fresno 2
BOTTOM OF THE 8TH
Fresno Grizzlies batting - Pitching for Norfolk Tides : LHP Joel Beery
Now at C: Logan Savarese
Batting: RHB Sam Spohn 0-0: Ball
1-0: Ball
2-0: SINGLE (Groundball, 4, EV 96.9 MPH)
Batting: RHB Elijah Hunter 0-0: Ball
1-0: Ball
2-0: Ball
3-0: Base on Balls
Sam Spohn to second
Batting: RHB Bill Cabrera 0-0: Foul Ball, location: 2F
0-1: Ball
1-1: Swinging Strike
1-2: Ball
Wild Pitch!
Sam Spohn to third
Elijah Hunter to second
2-2: Foul Ball, location: 2F
2-2: Ball
3-2: Foul Ball, location: 2F
3-2: Base on Balls
Pitching: RHP Mike LaMonica
Batting: RHB Masaru Konno 0-0: Called Strike
0-1: Ball
1-1: Ball
2-1: Grounds into fielders choice 5-2 (Groundball, 5, EV 82.5 MPH)
Elijah Hunter to third
Bill Cabrera to second
Batting: RHB Nick Deegan 0-0: Ball
1-0: SINGLE (Groundball, 6M, EV 109.4 MPH)
Elijah Hunter scores
Bill Cabrera to third
Masaru Konno to second
Batting: LHB Chris Cabrera 0-0: Ball
1-0: Called Strike
1-1: Ball
2-1: Ball
3-1: SINGLE (Line Drive, 6D, EV 106.9 MPH)
Bill Cabrera scores
Masaru Konno to third
Nick Deegan to second
Batting: RHB Matt Parker 0-0: Ball
1-0: Ball
2-0: Ball
3-0: Called Strike
3-1: Fly out, F8 (Line Drive, 6MD, EV 63.8 MPH)
Batting: SHB Danny Jensen 0-0: Called Strike
0-1: Ball
1-1: Foul Ball, location: 2F
1-2: Foul Ball, location: 2F
1-2: Ball
2-2: Ball
3-2: Foul Ball, location: 2F
3-2: Foul Ball, location: 2F
3-2: Base on Balls
Masaru Konno scores
Nick Deegan to third
Chris Cabrera to second
Batting: RHB Ben Hoffman 0-0: Foul Ball, location: 2F
0-1: Called Strike
0-2: Ball
1-2: Foul Ball, location: 2F
1-2: Strikes out looking
Bottom of the 8th over - 3 runs, 3 hits, 0 errors, 3 left on base; Norfolk 3 - Fresno 5
TOP OF THE 9TH
Norfolk Tides batting - Pitching for Fresno Grizzlies : RHP Alex Salinas
Pitching: RHP Aaron Shapiro
Batting: RHB Andy Chess 0-0: Foul Ball, location: 2F
0-1: Ball
1-1: Foul Ball, location: 2F
1-2: Foul Ball, location: 2F
1-2: Ground out 4-3 (Groundball, 6MS, EV 66.9 MPH)
Batting: LHB Tyler Allen 0-0: Called Strike
0-1: Called Strike
0-2: Ball
1-2: Strikes out swinging
Batting: LHB Jose Fierro 0-0: Fly out, F9 (Flyball, 9, EV 90.0 MPH)
Top of the 9th over - 0 runs, 0 hits, 0 errors, 0 left on base; Norfolk 3 - Fresno 5
Thursday, December 15th , 2022 - OOTP Baseball 23.9 Build 102